Map: Prion Terraces

Players

dirak - Winner!

  • Race: Zerg Zerg
  • League: Gold

MAXimuM

  • Race: Protoss Protoss
  • League: Gold

VOD

Have the link to the VOD?

Description

Time

  • Played on: May 17, 2016, 10:38 p.m.
  • Length: 9:27
Show
View Real Time Build Order
Export as new Build Order

dirak Zerg - Winner!

Build Orders: Hatch First, Swarm Host 

Get SALT Encoding   

  12  0:01  Drone  
  13  0:12  Overlord  
  13  0:17  Drone  
  14  0:31  Drone x2  
  14  0:34  Drone  
  17  0:46  Drone  
  18  0:57  Hatchery  
  18  0:59  Drone  
  18  1:01  Extractor  
  17  1:12  Drone  
  17  1:18  Spawning Pool  
  17  1:20  Drone  
  18  1:28  Drone  
  19  1:38  Overlord  
  19  1:48  Extractor  
  19  1:49  Drone  
  19  2:00  Drone  
  20  2:10  Queen x2  
  20  2:11  Zergling x2  
  20  2:12  Zergling x2  
  26  2:20  Drone  
  26  2:22  Drone  
  28  2:28  Metabolic Boost  
  28  2:30  Drone  
  28  2:33  Drone  
  30  2:45  Drone x2  
  30  2:49  Lair  
  32  2:52  Overlord  
  32  2:56  Pneumatized Carapace  
  32  3:04  Drone x2  
  34  3:06  Drone  
  35  3:13  Drone  
  35  3:14  Overlord  
  36  3:20  Drone x2  
  36  3:21  Drone  
  36  3:23  Drone  
  36  3:25  Drone  
  40  3:28  Drone  
  40  3:30  Drone  
  42  3:36  Drone  
  43  3:42  Extractor x2, Drone  
  42  3:48  Infestation Pit  
  42  3:51  Zergling x6  
  42  3:52  Zergling x4  
  46  3:58  Drone x3  
  46  3:59  Drone  
  50  4:11  Drone  
  50  4:12  Overlord  
  50  4:16  Evolution Chamber x2  
  49  4:27  Overlord x2  
  49  4:28  Overlord  
  49  4:34  Queen  
  49  4:35  Queen  
  53  4:39  Overseer  
  53  4:42  Nydus Network  
  53  4:44  Zerg Melee Weapons Level 1  
  52  4:46  Zerg Ground Armor Level 1  
  52  4:52  Spore Crawler  
  51  4:54  Spore Crawler  
  51  4:59  Drone x4  
  54  5:10  Swarm Host  
  57  5:18  Swarm Host  
  60  5:27  Hive  
  60  5:33  Hatchery  
  59  5:39  Swarm Host  
  62  6:03  Drone x3  
  62  6:04  Drone x4  
  67  6:06  Zergling x10  
  67  6:07  Overlord x2  
  67  6:08  Overlord  
  74  6:29  Swarm Host x3  
  83  6:38  Overseer  
  83  6:46  Zerg Ground Armor Level 2, Zerg Melee Weapons Level 2  
  82  7:07  Queen  
  82  7:08  Queen x2  
  86  7:09  Hydralisk Den  
  86  7:13  Nydus Canal  
  85  7:21  Spore Crawler x2  
  85  7:22  Spore Crawler  
  82  7:23  Spore Crawler x2  
  75  7:43  Zergling x2  
  75  7:44  Zergling x32  
  90  8:17  Extractor  
  89  8:23  Ultralisk Cavern  
  88  8:34  Drone  
  88  8:35  Extractor, Drone x4  
  88  8:36  Drone  
  88  8:41  Hydralisk x6  
  105  8:53  Nydus Canal  
Show
View Real Time Build Order
Export as new Build Order

MAXimuM Protoss 

Build Orders: 1 Gate Expand, Phoenix Opening 

Get SALT Encoding   

  12  0:01  Probe (Chrono Boost)  
  13  0:14  Pylon  
  13  0:18  Probe (Chrono Boost)  
  14  0:29  Probe (Chrono Boost)  
  15  0:40  Probe (Chrono Boost), Gateway  
  16  0:50  Probe (Chrono Boost)  
  17  1:03  Assimilator  
  17  1:36  Cybernetics Core  
  17  1:42  Nexus  
  17  1:47  Assimilator  
  17  1:52  Pylon  
  17  1:55  Probe (Chrono Boost)  
  18  2:05  Probe (Chrono Boost)  
  19  2:16  Probe (Chrono Boost)  
  20  2:24  Warp Gate  
  20  2:26  Probe (Chrono Boost)  
  22  2:37  Probe (Chrono Boost), Stargate  
  22  2:47  Probe (Chrono Boost)  
  22  2:49  Adept  
  22  2:50  Pylon  
  25  2:55  Probe (Chrono Boost)  
  25  2:58  Probe (Chrono Boost)  
  27  3:06  Probe (Chrono Boost)  
  28  3:16  Mothership Core (Chrono Boost)  
  30  3:24  Phoenix (Chrono Boost)  
  32  3:37  Robotics Facility  
  32  3:49  Pylon  
  32  3:58  Phoenix (Chrono Boost)  
  34  4:05  Gateway x2  
  34  4:09  Gateway  
  34  4:19  Assimilator, Phoenix (Chrono Boost)  
  34  4:22  Assimilator  
  36  4:24  Probe (Chrono Boost)  
  36  4:28  Observer (Chrono Boost)  
  38  4:34  Probe (Chrono Boost)  
  39  4:44  Probe (Chrono Boost)  
  40  4:46  Probe (Chrono Boost)  
  40  4:48  Adept  
  43  4:54  Phoenix  
  43  4:55  Probe (Chrono Boost)  
  43  4:57  Probe (Chrono Boost)  
  47  5:01  Twilight Council  
  47  5:06  Probe (Chrono Boost)  
  48  5:08  Probe (Chrono Boost)  
  48  5:12  Pylon  
  49  5:15  Sentry  
  49  5:16  Probe (Chrono Boost)  
  52  5:27  Probe (Chrono Boost)  
  53  5:31  Probe (Chrono Boost)  
  53  5:32  Resonating Glaives (Chrono Boost)  
  54  5:37  Probe (Chrono Boost)  
  54  5:41  Forge  
  54  5:42  Probe (Chrono Boost)  
  56  5:44  Forge  
  56  5:46  Probe  
  56  5:48  Pylon  
  57  5:50  Sentry  
  57  5:51  Adept  
  57  5:54  Probe  
  63  6:04  Observer (Chrono Boost)  
  63  6:09  Pylon  
  63  6:14  Pylon  
  63  6:15  Stalker x2  
  67  6:23  Immortal (Chrono Boost)  
  71  6:26  Photon Cannon  
  71  6:29  Protoss Ground Weapons Level 1 (Chrono Boost)  
  71  6:42  Phoenix  
  73  7:01  Immortal  
  77  7:14  Phoenix  
  79  7:27  Stalker x4  
  61  7:53  Probe (Chrono Boost)  
  62  8:04  Probe (Chrono Boost)  
  63  8:14  Probe (Chrono Boost)  
  64  8:23  Probe (Chrono Boost)  
  65  8:27  Photon Cannon  
  65  8:31  Nexus  
  65  8:32  Sentry  
  65  8:33  Pylon  
  67  8:36  Probe (Chrono Boost)  
  67  8:37  Probe (Chrono Boost)  
  71  8:48  Probe (Chrono Boost)  
  71  8:49  Probe (Chrono Boost)  
  71  9:00  Probe  
  76  9:07  Pylon  
  76  9:12  Probe, Sentry  
  76  9:15  Adept  
  76  9:16  Adept  
Tags
 
Add a new tag
Caveats
  • Supply blocks, unpowered buildings, or Contaminate may cause inaccurate times.
  • Supply counts are checked every 10 seconds.